 Dungeon Crawl Stone Soup version 0.23.2-40-g277498a (webtiles) character file.

Game seed: 15098946856670081434

218 zhovat1 the Purveyor of Pain (level 5, -1/29 HPs)
             Began as a Deep Elf Necromancer on Aug 23, 2019.
             Was an Initiate of Kikubaaqudgha.
             Slain by a worker ant (4 damage)
             ... on level 4 of the Dungeon.
             The game lasted 00:04:25 (5271 turns).

zhovat1 the Purveyor of Pain (Deep Elf Necromancer) Turns: 5271, Time: 00:04:25

Health: -1/29      AC:  4    Str:  2 (5)  XL:     5   Next: 63%
Magic:  6/13       EV: 14    Int: 20 (21) God:    Kikubaaqudgha [......]
Gold:   79         SH:  0    Dex: 16 (17) Spells: 8/12 levels left

rFire    . . .     SeeInvis .   g - +1 dagger (drain)
rCold    . . .     Gourm    .   (no shield)
rNeg     . . .     Faith    .   a - +0 robe
rPois    .         Spirit   .   (no helmet)
rElec    .         Reflect  .   (no cloak)
rCorr    .         Harm     .   (no gloves)
MR       .....                  (no boots)
Stlth    +++.......             (no amulet)
HPRegen  0.09/turn              (no ring)
MPRegen  0.13/turn              (no ring)

@: lethally poisoned (-1 -> -11), very slightly contaminated
A: slimy green scales 1, agile 1, wild magic 1
a: Renounce Religion


You were on level 4 of the Dungeon.
You worshipped Kikubaaqudgha.
Kikubaaqudgha was noncommittal.
You were hungry.

You visited 1 branch of the dungeon, and saw 4 of its levels.

You collected 79 gold pieces.

Inventory:

Hand Weapons
 g - a +1 dagger of draining (weapon)
 n - a +3 short sword
Armour
 a - a +0 robe (worn)
Potions
 b - a potion of heal wounds {unknown}
 f - a potion of might {unknown}
 h - a potion of lignification {unknown}
 i - a potion of curing
 j - a potion of flight
 m - a potion of haste
Comestibles
 c - 2 rations


   Skills:
 + Level 1.2 Fighting
 * Level 2.2 Short Blades
 + Level 3.4 Dodging
 * Level 4.6 Stealth
 + Level 4.0 Spellcasting
 + Level 5.3 Necromancy


You had 8 spell levels left.
You knew the following spells:

 Your Spells              Type           Power        Failure   Level  Hunger
a - Pain                  Necr           ####         3%          1    None
b - Vampiric Draining     Necr           ####......   7%          3    ###....

Your spell library contained the following spells:

 Spells                   Type           Power        Failure   Level  Hunger
 Animate Skeleton         Necr           N/A          3%          1    None
 Regeneration             Chrm/Necr      ###.......   19%         3    ###....
 Animate Dead             Necr           N/A          21%         4    ####...


Dungeon Overview and Level Annotations

Branches:
Dungeon (4/15)
 Temple: D:4-7

Altars:
Hepliaklqana
Kikubaaqudgha
Makhleb


Innate Abilities, Weirdness & Mutations

You are partially covered in slimy green scales. (AC +2)
You are agile. (Dex +2)
Your spells are a little harder to cast, but a little more powerful.


Message History

Confirm with . or Enter, or press ? or * to list all spells.
Aiming: Pain (safe; 3% risk of failure)
Press: ? - help, Shift-Dir - straight line, f/p - worker ant
Aim: a worker ant (chance to defeat MR: 89%)
The worker ant writhes in agony.
You feel sick. The worker ant bites you.
Casting: Pain (safe; 3% risk of failure)
Confirm with . or Enter, or press ? or * to list all spells.
Aiming: Pain (safe; 3% risk of failure)
Press: ? - help, Shift-Dir - straight line, f/p - worker ant
Aim: a worker ant (lightly wounded, chance to defeat MR: 89%)
The worker ant writhes in agony!
* * * LOW HITPOINT WARNING * * *
You feel sick. The worker ant bites you.
* * * LOW HITPOINT WARNING * * *
* * * LOW HITPOINT WARNING * * *
You feel sick.
* * * LOW HITPOINT WARNING * * *
You feel sick. The worker ant bites you.
You die...
Kikubaaqudgha rasps: "You have failed me!
Welcome... death!"

#####..
#.....# ###
#####.. ##.##
##.. ##.#.##
#... ##†#.#a#
##..
##.#.#.#.#
##.
##a#.##..#.#
##
##@#.##$.#.##
##.
##.#.##.[#.##
##..
##.#.##.#% #
##.#.
##.#.##.#.?
##.#.#
#.#.##r# .#
##.#.##
##.#.##
##.#.###
##.#.##
##.#.## #
##.#.##
##.#.##
##.#.##
##.#.##


You could see a worker ant.

Vanquished Creatures
  A bullfrog skeleton (D:4)
  A worker ant (D:4)
  10 adders
  An ooze (D:3)
  2 worms
  2 dart slugs
  A leopard gecko (D:2)
  6 orcs (D:3)
  5 goblins
  6 hobgoblins
  6 jackals
  8 kobolds
  A quokka (D:3)
  2 ball pythons
  4 bats
  2 frilled lizards
  4 rats
62 creatures vanquished.

Notes
Turn   | Place    | Note
-------+----------+-------------------------------------------
     0 | D:1      | zhovat1 the Deep Elf Necromancer began the quest for the
                  | Orb.
     0 | D:1      | Reached XP level 1. HP: 10/10 MP: 6/6
   450 | D:1      | Reached XP level 2. HP: 15/16 MP: 5/8
  1093 | D:2      | Reached skill level 5 in Necromancy
  1093 | D:2      | Reached XP level 3. HP: 16/20 MP: 6/9
  1171 | D:2      | Learned a level 3 spell: Vampiric Draining
  1746 | D:2      | Reached skill level 1 in Short Blades
  1895 | D:2      | Reached XP level 4. HP: 24/24 MP: 11/11
  2042 | D:2      | Reached skill level 1 in Fighting
  3227 | D:3      | Reached XP level 5. HP: 10/29 MP: 2/12
  3538 | D:3      | Found a hazy altar of Hepliaklqana.
  3602 | D:3      | Found a burning altar of Makhleb.
  3602 | D:3      | Found an ancient bone altar of Kikubaaqudgha.
  3605 | D:3      | Became a worshipper of Kikubaaqudgha
  4846 | D:3      | Gained mutation: You are somewhat resistant to further
                  | mutation. [potion of mutation]
  4846 | D:3      | Gained mutation: You are occasionally teleported next to
                  | monsters. [potion of mutation]
  4847 | D:3      | Lost mutation: You are somewhat resistant to further
                  | mutation. [potion of mutation]
  4847 | D:3      | Lost mutation: You are occasionally teleported next to
                  | monsters. [potion of mutation]
  4847 | D:3      | Gained mutation: Your spells are a little harder to cast,
                  | but a little more powerful. [potion of mutation]
  4847 | D:3      | Gained mutation: You are agile. (Dex +2) [potion of
                  | mutation]
  4847 | D:3      | Gained mutation: You are partially covered in slimy green
                  | scales. (AC +2) [potion of mutation]
  5271 | D:4      | Slain by a worker ant

Skill      XL: |  1  2  3  4  5 |
---------------+----------------+-----
Stealth        | 3 4 |  4.6
Necromancy     | 5 |  5.3
Dodging        | 3 |  3.4
Short Blades   | 1 2 |  2.2
Fighting       | 1 |  1.2
Spellcasting   | 4 |  4.0

Action                   |  1- 3 |  4- 6 || total
-------------------------+-------+-------++-------
Melee: Unarmed           |     5 |       ||     5
       Dagger            |    16 |    99 ||   115
 Cast: Pain              |    33 |    28 ||    61
  Use: Scroll            |       |     4 ||     4
       Potion            |       |     7 ||     7
 Stab: Sleeping          |     5 |     5 ||    10
  Eat: Chunk             |     3 |     6 ||     9
       Ration            |       |     1 ||     1
Armor: Robe              |     5 |    13 ||    18
Dodge: Dodged            |    15 |    76 ||    91
